Map: Kairos Junction LE

Players

Mez - Winner!

  • Race: Terran Terran
  • League: Diamond
  • Spawn Location: 5:00

maru

  • Race: Terran Terran
  • League: Diamond
  • Spawn Location: 11:00

VOD

Have the link to the VOD?

Description

Time

  • Played on: July 27, 2019, 11:33 p.m.
  • Length: 7:43
Show
View Real Time Build Order
Export as new Build Order

Mez Terran - Winner!

Build Orders:  

Get SALT Encoding   

  12  0:01  SCV  
  13  0:14  SCV  
  14  0:17  Supply Depot  
  14  0:26  SCV  
  15  0:39  SCV  
  15  0:40  Barracks  
  16  0:48  Refinery  
  16  0:51  SCV  
  17  1:00  Barracks  
  17  1:04  SCV  
  18  1:11  Refinery  
  18  1:16  SCV  
  19  1:31  Reaper, Orbital Command  
  20  1:43  Supply Depot  
  20  1:48  Reaper  
  21  1:57  SCV  
  22  2:07  Reaper  
  23  2:09  SCV  
  24  2:17  Command Center  
  24  2:20  Refinery  
  24  2:27  Reaper  
  24  2:28  SCV  
  25  2:38  Supply Depot  
  24  2:57  Reaper  
  25  3:00  SCV  
  25  3:04  Reaper  
  27  3:12  SCV  
  28  3:29  SCV  
  28  3:31  Factory  
  28  3:33  Command Center, Supply Depot  
  29  3:38  Barracks Reactor  
  29  3:39  Barracks Tech Lab  
  29  3:41  SCV  
  30  3:49  Barracks  
  30  3:54  SCV  
  30  4:13  SCV  
  28  4:21  Orbital Command  
  28  4:25  Marine x3  
  28  4:30  SCV  
  31  4:33  Starport, Factory Reactor  
  30  4:40  Stimpack  
  30  4:42  Barracks Reactor, SCV  
  31  4:50  Orbital Command  
  31  4:54  SCV  
  31  4:59  Marine x2  
  34  5:02  Marine  
  34  5:05  SCV  
  34  5:06  SCV  
  37  5:17  SCV x2  
  37  5:20  Medivac x2  
  43  5:21  Marine x2  
  43  5:22  Marine x2  
  43  5:25  SCV, Marine  
  49  5:29  SCV x2  
  49  5:34  Supply Depot  
  51  5:37  SCV  
  51  5:39  Marine x3  
  51  5:40  Marine  
  51  5:41  SCV  
  51  5:42  SCV  
  58  5:43  Marine  
  58  5:45  Refinery  
  59  5:50  Medivac x2  
  59  5:51  Orbital Command  
  59  5:54  SCV  
  59  5:55  SCV  
  65  5:57  Marine  
  65  6:02  Marine x3  
  69  6:06  SCV  
  69  6:10  Supply Depot  
  70  6:13  Engineering Bay  
  70  6:14  Engineering Bay  
  70  6:15  SCV  
  70  6:18  SCV  
  72  6:19  SCV  
  73  6:27  SCV  
  73  6:30  SCV  
  75  6:38  Marine x2  
  75  6:39  Marine x3  
  78  6:40  SCV x2  
  78  6:42  SCV  
  78  6:56  Marine  
  78  7:00  Marine x2  
  78  7:01  Marine x2  
  83  7:13  Barracks  
  83  7:14  Barracks  
  83  7:21  Marine  
  83  7:22  SCV x3  
  90  7:35  Armory, Command Center  
  93  7:37  Supply Depot  
Show
View Real Time Build Order
Export as new Build Order

maru Terran 

Build Orders:  

Get SALT Encoding   

  12  0:00  SCV  
  13  0:13  SCV  
  14  0:18  Supply Depot  
  14  0:25  SCV  
  15  0:32  Refinery  
  15  0:45  Barracks  
  15  0:59  Barracks  
  15  1:06  SCV  
  16  1:13  Refinery  
  16  1:18  SCV  
  17  1:33  Reaper  
  17  1:34  SCV  
  19  1:47  Reaper  
  19  1:49  Supply Depot  
  19  1:50  SCV  
  21  2:02  SCV  
  21  2:05  Reaper  
  23  2:14  Bunker  
  23  2:18  SCV  
  25  2:22  Reaper  
  25  2:37  Reaper  
  25  2:57  Factory  
  24  3:10  Orbital Command  
  23  3:46  Starport  
  23  3:47  Hellion  
  25  3:51  Command Center  
  25  3:52  SCV  
  25  4:09  Hellion  
  25  4:22  SCV  
  24  4:30  Hellion  
  24  4:34  SCV  
  25  4:45  Supply Depot  
  25  4:46  SCV, Marine  
  25  4:51  Hellion  
  29  4:58  SCV  
  30  5:03  Medivac  
  33  5:07  Orbital Command  
  33  5:11  SCV  
  33  5:13  Hellion  
  35  5:22  Barracks Tech Lab  
  35  5:23  SCV  
  35  5:25  Orbital Command  
  36  5:35  SCV  
  37  5:39  Starport Reactor  
  37  5:40  Factory Tech Lab  
  37  5:44  Marine  
  37  5:47  SCV  
  39  5:52  SCV  
  40  5:59  SCV  
  40  6:02  Barracks Reactor, Marine  
  42  6:04  SCV  
  42  6:10  Command Center  
  42  6:11  Siege Tank, SCV  
  46  6:16  SCV  
  48  6:23  SCV  
  49  6:25  Supply Depot  
  49  6:26  Supply Depot  
  49  6:28  SCV, Marine  
  51  6:35  SCV  
  50  6:40  SCV, Marine x2  
  53  6:47  Marauder  
  55  6:57  Marine x2  
  57  7:08  Marine  
  56  7:15  Marine x2  
  55  7:21  SCV x2  
Tags
 
Add a new tag
Caveats
  • Supply blocks, unpowered buildings, or Contaminate may cause inaccurate times.
  • Supply counts are checked every 10 seconds.